Workbook
Name \B: #REF!
Name ANN_BENS: #REF!
Name ANNPREMS: '[1]Total Premiums'!$J$26
Name ASSETS: '[2]Total Assets in Cda'!$E$11
Name AVG_SIZE: '[3]Policies Sold in Cda'!$D$35
Name BENEFITS: #REF!
Name BONDS_: '[2]Total Assets in Cda'!$G$23
Name CASH: #REF!
Name CFED_APREMS: '[1]Total Premiums'!$J$20
Name CFED_HPREMS: '[1]Total Premiums'!$J$37
Name CFED_LPREMS: '[1]Total Premiums'!$J$8
Name CHECK: '[3]Life Ins. Sales by Province'!$T$1
Name CORPBONDS: #REF!
Name Dividends: #REF!
Name DTH_BENS: #REF!
Name FEDBONDS: #REF!
Name GFBONDS: #REF!
Name GFCSHST: #REF!
Name gfmf: #REF!
Name GFMTGS: #REF!
Name GFOTHER: #REF!
Name GFPOLICY: #REF!
Name GFRE: #REF!
Name GFSHARES: #REF!
Name GFTOT: #REF!
Name GRP_IF: '[4]Life Ins. Inforce by Type'!$E$12
Name GRP_SALES: '[3]Sales by Type'!$E$12
Name HLTH_ASSETS: '[2]Total Assets in Cda'!#REF!
Name HLTH_BENS: #REF!
Name HLTHPREMS: '[1]Total Premiums'!$J$43
Name IND_IF: '[4]Life Ins. Inforce by Type'!$D$12
Name IND_INFORCE: '[4]Life Ins. Inforce by Type'!$D$11
Name IND_POLS: '[3]Policies Sold in Cda'!$D$12
Name IND_SALES: '[3]Sales by Type'!$D$12
Name INFORCE: '[4]Life Ins. Inforce by Type'!$F$12
Name INVESTS: #REF!
Name LIFE_ASSETS: '[2]Total Assets in Cda'!#REF!
Name LIFE_BENS: #REF!
Name LIFEPREMS: '[1]Total Premiums'!$J$14
Name LIVE_BENS: #REF!
Name MAC: #REF!
Name MACROS: #REF!
Name MISC: #REF!
Name MORTGAGES: #REF!
Name MUNBONDS: #REF!
Name MutualFunds: '[2]Total Assets in Cda'!$G$27
Name NAMES: #REF!
Name OTHERLT: #REF!
Name PAR_NPAR: #REF!
Name PER_CENT: '[5]Fed&Prov Cos; Branch & Sub '!$G$12
Name PLOANS: #REF!
Name POPULATION: '[4]Average Life Insurance'!$D$9
Name PREMIUMS: '[5]Fed&Prov Cos; Branch & Sub '!$G$11
Name PRINT_ALL: #REF!
Name PRINT_ANNPROV: #REF!
Name PRINT_AVERAGE: #REF!
Name PRINT_DEATH: #REF!
Name PRINT_DEPOSIT: #REF!
Name PRINT_DIVS: #REF!
Name PRINT_EXTRA: #REF!

Sheet English
A1: Appendix: Historical data
A2: Historical tables report on the business of insurance companies (life and property and casualty), fraternal benefit societies, and not-for-profit health care benefit providers (such as provincial Blue Cross organizations) since 2000. Earlier years include data for insurance companies only.
A4: Life insurance in force by type (millions)
B5: Coverage | E5: New purchases
A6: Year | B6: Individual | C6: Group | D6: Total | E6: Individual | F6: Group | G6: Total
A8: 1960 | B8: 32128 | C8: 14739 | D8: 46867 | E8: 4576 | F8: 1553 | G8: 6129
A9: 1970 | B9: 62845 | C9: 55977 | D9: 118822 | E9: 9024 | F9: 5223 | G9: 14247
A10: 1980 | B10: 177915 | C10: 253279 | D10: 431194 | E10: 37764 | F10: 26036 | G10: 63800
A11: 1990 | B11: 559893 | C11: 597502 | D11: 1157395 | E11: 97937 | F11: 58755 | G11: 156692
A12: 2000 | B12: 1068471 | C12: 1019446 | D12: 2087917 | E12: 133895 | F12: 109648 | G12: 243543
A13: 2010 | B13: 2053840 | C13: 1572720 | D13: 3626560 | E13: 216354 | F13: 115429 | G13: 331783
A15: 2020 | B15: 3256838 | C15: 1813242 | D15: 5070079 | E15: 291218 | F15: 116625 | G15: 407844
A16: 2021 | B16: 3428199 | C16: 1846966 | D16: 5275163 | E16: 326033 | F16: 99370 | G16: 425404
A17: 2022 | B17: 3578449 | C17: 1943068 | D17: 5521516 | E17: 333390 | F17: 85689 | G17: 419080
A18: 2023 | B18: 3742175 | C18: 2005130 | D18: 5747305 | E18: 346442 | F18: 105215 | G18: 451657
A19: 2024 | B19: 3915734 | C19: 2056447 | D19: 5972181 | E19: 356312 | F19: 112798 | G19: 469110
A21: 2025 | B21: 4097071 | C21: 2150751 | D21: 6247822 | E21: 382952 | F21: 105936 | G21: 488888
A22: Amounts above represent total face amounts owned or purchased
A25: Total policy benefits in Canada (millions)
A26: Year | B26: Life | D26: Annuity2 | E26: Health | G26: Total
B27: Death | C27: Living1 | E27: Insured | F27: Uninsured3
A29: 1960 | B29: 196 | C29: 291 | D29: 75 | E29: 129 | F29: 0 | G29: 691
A30: 1970 | B30: 453 | C30: 604 | D30: 260 | E30: 296 | F30: 0 | G30: 1613
A31: 1980 | B31: 1082 | C31: 1338 | D31: 1620 | E31: 1589 | F31: 46 | G31: 5675
A32: 1990 | B32: 2083 | C32: 2488 | D32: 9840 | E32: 4341 | F32: 1644 | G32: 20396
A33: 2000 | B33: 3564 | C33: 3395 | D33: 24214 | E33: 9295 | F33: 6172 | G33: 46640
A34: 2010 | B34: 5505 | C34: 4369 | D34: 32120 | E34: 14442 | F34: 11995 | G34: 68431
A36: 2020 | B36: 8349 | C36: 5908 | D36: 46223 | E36: 20402 | F36: 16226 | G36: 97108
A37: 2021 | B37: 8827 | C37: 5545 | D37: 58089 | E37: 22146 | F37: 18640 | G37: 113247
A38: 2022 | B38: 9444 | C38: 6687 | D38: 53651 | E38: 23787 | F38: 20132 | G38: 113702
A39: 2023 | B39: 9224 | C39: 8083 | D39: 62696 | E39: 25756 | F39: 22428 | G39: 128187
A40: 2024r | B40: 8921 | C40: 9679 | D40: 71401 | E40: 27908 | F40: 24656 | G40: 142565
A42: 2025 | B42: 9596 | C42: 8724 | D42: 83804 | E42: 28259 | F42: 26467 | G42: 156850
A43: 1 Payments to living policyholders: cash surrender values, disability benefits, matured endowments, and policyholder dividends
A44: 2 Annuity benefits consist of death, surrender, and disability payments, including benefits paid under variable (segregated fund) contracts
A45: 3 Benefits paid under uninsured contracts administered by life and health insurance providers
A46: r - health benefits revised
A48: Total premiums in Canada (millions)
A49: Year | B49: Life | D49: Annuity1 | F49: Health | I49: Total
B50: Individual | C50: Group | D50: Individual | E50: Group | F50: Individual | G50: Group (insured) | H50: Group (uninsured2)
A52: 1960 | B52: 660 | C52: 109 | D52: 33 | E52: 151 | F52: 40 | G52: 151 | H52: 0 | I52: 1144
A53: 1970 | B53: 1128 | C53: 325 | D53: 126 | E53: 311 | F53: 85 | G53: 315 | H53: 0 | I53: 2290
A54: 1980 | B54: 2318 | C54: 952 | D54: 1762 | E54: 1465 | F54: 221 | G54: 1602 | H54: 49 | I54: 8369
A55: 1990 | B55: 4840 | C55: 1879 | D55: 7299 | E55: 4554 | F55: 670 | G55: 4338 | H55: 1751 | I55: 25331
A56: 2000 | B56: 8737 | C56: 2542 | D56: 13297 | E56: 10185 | F56: 1638 | G56: 9185 | H56: 6496 | I56: 52080
A57: 2010 | B57: 11980 | C57: 3707 | D57: 17022 | E57: 19504 | F57: 3152 | G57: 17255 | H57: 12678 | I57: 85298
A59: 2020 | B59: 19682 | C59: 4414 | D59: 16107 | E59: 35334 | F59: 4597 | G59: 25539 | H59: 17145 | I59: 122818
A60: 2021 | B60: 21155 | C60: 4401 | D60: 21119 | E60: 40982 | F60: 4883 | G60: 26562 | H60: 19685 | I60: 138787
A61: 2022 | B61: 22257 | C61: 4697 | D61: 18667 | E61: 43536 | F61: 5224 | G61: 29508 | H61: 21209 | I61: 145098
A62: 2023 | B62: 23897 | C62: 4795 | D62: 18975 | E62: 42963 | F62: 5547 | G62: 31692 | H62: 23572 | I62: 151441
A63: 2024r | B63: 24609 | C63: 5010 | D63: 21811 | E63: 51067 | F63: 5717 | G63: 33465 | H63: 25985 | I63: 167664
A65: 2025 | B65: 27488 | C65: 5198 | D65: 24259 | E65: 56252 | F65: 5808 | G65: 35745 | H65: 27852 | I65: 182602
A66: 1 Premium deposits to segregated funds are included
A67: 2 Premium equivalents (benefit payments + administration fees) for uninsured contracts administered by life and health insurance providers
A68: r - health premiums revised
A70: Total assets held in Canada (millions)
A71: Year | B71: Bonds | C71: Stocks1 | D71: Mutual funds | E71: Mortgage loans | F71: Real estate | G71: Cash1 | H71: Reinsurance assets | I71: Other assets1 | J71: Total
A73: 1960 | B73: 4064 | C73: 257 | D73: * | E73: 3108 | F73: 294 | G73: 54 | H73: * | I73: 579 | J73: =SUM(B73:I73) -> 8356
A74: 1970 | B74: 5909 | C74: 1108 | D74: * | E74: 6914 | F74: 737 | G74: 166 | H74: * | I74: 1156 | J74: =SUM(B74:I74) -> 15990
A75: 1980 | B75: 17178 | C75: 5814 | D75: * | E75: 16942 | F75: 1862 | G75: 804 | H75: * | I75: 3645 | J75: =SUM(B75:I75) -> 46245
A76: 1990 | B76: 51247 | C76: 14159 | D76: * | E76: 46873 | F76: 6716 | G76: 2231 | H76: * | I76: 9636 | J76: =SUM(B76:I76) -> 130862
A77: 2000 | B77: 108593 | C77: =42402+37 -> 42439 | D77: 37444 | E77: 41323 | F77: 7686 | G77: 16138 | H77: 10333 | I77: =J77-SUM(B77:H77) -> 17514 | J77: 281470
A78: 2010 | B78: 195186 | C78: 91574 | D78: 129048 | E78: 42748 | F78: 14727 | G78: 16908 | H78: 36166 | I78: 30420 | J78: 556777
A80: 2020 | B80: 340788 | C80: 140075.65 | D80: 289826 | E80: 48083 | F80: 29682 | G80: 24223 | H80: 62041 | I80: 69805.347 | J80: 1004524
A81: 2021 | B81: 338195 | C81: 156046 | D81: 334517 | E81: 49771 | F81: 32632 | G81: 25645 | H81: 63808 | I81: 73433 | J81: 1074047
A82: 2022 | B82: 303761 | C82: 143509.38 | D82: 304563 | E82: 51249 | F82: 34006 | G82: 24283 | H82: 62738 | I82: 77162.617 | J82: 1001272
A83: 2023r | B83: 321392 | C83: 93670 | D83: 343792 | E83: 49329 | F83: 32526 | G83: 12893 | H83: 67156 | I83: 147544 | J83: 1068302
A84: 2024r | B84: 344492 | C84: 102913 | D84: 405075 | E84: 49752 | F84: 27080 | G84: 10520 | H84: 81018 | I84: 172089 | J84: 1192939
A86: 2025 | B86: 354996 | C86: 114728 | D86: 459092 | E86: 49766 | F86: 26820 | G86: 13682 | H86: 82314 | I86: 175173 | J86: 1276571
A87: 1 Short term investments previously reported under Cash, and stock holdings of subsidaries previously reported under Stocks are included under Other Assets commencing in 2023
A88: Assets in Canada held on behalf of foreign policyholders are excluded
A89: Assets held in general and segregated funds are included
A90: Policy loans are reported under Other Assets
A91: *Data not available
A92: r - asset allocation revised
A94: General fund assets held in Canada (millions)
A95: Year | B95: Bonds | C95: Stocks1 | D95: Mortgage loans | E95: Real estate | F95: Cash1 | G95: Reinsurance assets | H95: Other assets1 | I95: Total
A97: 1960 | B97: =4063 -> 4063 | C97: 257 | D97: 3108 | E97: 294 | F97: 54 | G97: * | H97: =579-1 -> 578 | I97: 8354
A98: 1970 | B98: 5756 | C98: 857 | D98: 6805 | E98: 737 | F98: 151 | G98: * | H98: 1144 | I98: 15450
A99: 1980 | B99: 14869 | C99: 2853 | D99: 15768 | E99: 1824 | F99: 467 | G99: * | H99: 3500 | I99: 39281
A100: 1990 | B100: 44308 | C100: 7898 | D100: 45508 | E100: 5357 | F100: 1659 | G100: * | H100: 9128 | I100: 113858
A101: 2000 | B101: 95414 | C101: =14701+37 -> 14738 | D101: 39213 | E101: 6067 | F101: 9419 | G101: 10333 | H101: =16264-37 -> 16227 | I101: 191411
A102: 2010 | B102: 174647 | C102: 59897 | D102: 39534 | E102: 9501 | F102: 11143 | G102: 36166 | H102: 29459 | I102: 360347
A104: 2020 | B104: 308053 | C104: 88695.653 | D104: 44245 | E104: 18790 | F104: 17256 | G104: 62041 | H104: 67727.347 | I104: 606808
A105: 2021 | B105: 306172 | C105: 97617.079 | D105: 46381 | E105: 20847 | F105: 18784 | G105: 63808 | H105: 70708.921 | I105: 624318
A106: 2022 | B106: 276829 | C106: 91320.383 | D106: 47848 | E106: 21676 | F106: 17172 | G106: 62738 | H106: 75166.617 | I106: 592750
A107: 2023r | B107: 293132 | C107: 37688 | D107: 46074 | E107: 20946 | F107: 11118 | G107: 67156 | H107: 145276 | I107: 621390
A108: 2024r | B108: 314449 | C108: 41073 | D108: 46762 | E108: 16282 | F108: 8424 | G108: 81018 | H108: 168450 | I108: 676458
A110: 2025 | B110: 324502 | C110: 46761 | D110: 46829 | E110: 16532 | F110: 10943 | G110: 82314 | H110: 170665 | I110: 698546
A111: 1 Short term investments previously reported under Cash, and stock holdings of subsidaries previously reported under Stocks are included under Other Assets commencing in 2023
A112: *Data not available
A113: r - asset allocation revised
A115: Segregated fund assets held in Canada (millions)
A116: Year | B116: Bonds | C116: Stocks | D116: Mutual funds | E116: Mortgage loans | F116: Real estate | G116: Cash | H116: Other assets | I116: Total
A118: 1961 | B118: 1 | C118: * | D118: * | E118: 0 | F118: 0 | G118: * | H118: * | I118: 2
A119: 1970 | B119: 153 | C119: 251 | D119: * | E119: 109 | F119: 0 | G119: 15 | H119: 12 | I119: =SUM(B119:H119) -> 540
A120: 1980 | B120: 2309 | C120: 2961 | D120: * | E120: 1174 | F120: 38 | G120: 337 | H120: 145 | I120: =SUM(B120:H120) -> 6964
A121: 1990 | B121: 6939 | C121: 6261 | D121: * | E121: 1365 | F121: 1359 | G121: 572 | H121: 508 | I121: =SUM(B121:H121) -> 17004
A122: 2000 | B122: 13179 | C122: 27701 | D122: 37444 | E122: 2110 | F122: 1619 | G122: 6719 | H122: 1287 | I122: 90059
A123: 2010 | B123: 20539 | C123: 31677 | D123: 129048 | E123: 3214 | F123: 5226 | G123: 5765 | H123: 961 | I123: 196430
...

Sheet Français
A1: Annexe – Données historiques | H1: =IF(ISBLANK(English!H1),"",English!H1) | I1: =IF(ISBLANK(English!I1),"",English!I1) | J1: =IF(ISBLANK(English!J1),"",English!J1)
A2: Dans les tableaux historiques qui suivent, avant 2000, seules les données des assureurs vie et IARD sont prises en compte; à partir de 2000, les chiffres couvrent également les données des sociétés de secours mutuel et des fournisseurs sans but lucratif de protection santé, comme les Croix Bleue provinciales. | H2: =IF(ISBLANK(English!H2),"",English!H2) | I2: =IF(ISBLANK(English!I2),"",English!I2) | J2: =IF(ISBLANK(English!J2),"",English!J2)
A3: =IF(ISBLANK(English!A3),"",English!A3) | H3: =IF(ISBLANK(English!H3),"",English!H3) | I3: =IF(ISBLANK(English!I3),"",English!I3) | J3: =IF(ISBLANK(English!J3),"",English!J3)
A4: Assurance vie individuelle et collective en vigueur (en M$) | H4: =IF(ISBLANK(English!H4),"",English!H4) | I4: =IF(ISBLANK(English!I4),"",English!I4) | J4: =IF(ISBLANK(English!J4),"",English!J4)
A5: =IF(ISBLANK(English!A5),"",English!A5) | B5: Montant d'assurance | C5: =IF(ISBLANK(English!C5),"",English!C5) | D5: =IF(ISBLANK(English!D5),"",English!D5) | E5: Nouvelles souscriptions | F5: =IF(ISBLANK(English!F5),"",English!F5) | G5: =IF(ISBLANK(English!G5),"",English!G5) | H5: =IF(ISBLANK(English!H5),"",English!H5) | I5: =IF(ISBLANK(English!I5),"",English!I5) | J5: =IF(ISBLANK(English!J5),"",English!J5)
A6: Année | B6: Individuelle | C6: Collective | D6: =IF(ISBLANK(English!D6),"",English!D6) -> Total | E6: Individuelle | F6: Collective | G6: =IF(ISBLANK(English!G6),"",English!G6) -> Total | H6: =IF(ISBLANK(English!H6),"",English!H6) | I6: =IF(ISBLANK(English!I6),"",English!I6) | J6: =IF(ISBLANK(English!J6),"",English!J6)
A8: =IF(ISBLANK(English!A8),"",English!A8) -> 1960 | B8: =IF(ISBLANK(English!B8),"",English!B8) -> 32128 | C8: =IF(ISBLANK(English!C8),"",English!C8) -> 14739 | D8: =IF(ISBLANK(English!D8),"",English!D8) -> 46867 | E8: =IF(ISBLANK(English!E8),"",English!E8) -> 4576 | F8: =IF(ISBLANK(English!F8),"",English!F8) -> 1553 | G8: =IF(ISBLANK(English!G8),"",English!G8) -> 6129 | H8: =IF(ISBLANK(English!H8),"",English!H8) | ... J8: =IF(ISBLANK(English!J8),"",English!J8)
A9: =IF(ISBLANK(English!A9),"",English!A9) -> 1970 | B9: =IF(ISBLANK(English!B9),"",English!B9) -> 62845 | C9: =IF(ISBLANK(English!C9),"",English!C9) -> 55977 | D9: =IF(ISBLANK(English!D9),"",English!D9) -> 118822 | E9: =IF(ISBLANK(English!E9),"",English!E9) -> 9024 | F9: =IF(ISBLANK(English!F9),"",English!F9) -> 5223 | G9: =IF(ISBLANK(English!G9),"",English!G9) -> 14247 | H9: =IF(ISBLANK(English!H9),"",English!H9) | ... J9: =IF(ISBLANK(English!J9),"",English!J9)
A10: =IF(ISBLANK(English!A10),"",English!A10) -> 1980 | B10: =IF(ISBLANK(English!B10),"",English!B10) -> 177915 | C10: =IF(ISBLANK(English!C10),"",English!C10) -> 253279 | D10: =IF(ISBLANK(English!D10),"",English!D10) -> 431194 | E10: =IF(ISBLANK(English!E10),"",English!E10) -> 37764 | F10: =IF(ISBLANK(English!F10),"",English!F10) -> 26036 | G10: =IF(ISBLANK(English!G10),"",English!G10) -> 63800 | H10: =IF(ISBLANK(English!H10),"",English!H10) | ... J10: =IF(ISBLANK(English!J10),"",English!J10)
A11: =IF(ISBLANK(English!A11),"",English!A11) -> 1990 | B11: =IF(ISBLANK(English!B11),"",English!B11) -> 559893 | C11: =IF(ISBLANK(English!C11),"",English!C11) -> 597502 | D11: =IF(ISBLANK(English!D11),"",English!D11) -> 1157395 | E11: =IF(ISBLANK(English!E11),"",English!E11) -> 97937 | F11: =IF(ISBLANK(English!F11),"",English!F11) -> 58755 | G11: =IF(ISBLANK(English!G11),"",English!G11) -> 156692 | H11: =IF(ISBLANK(English!H11),"",English!H11) | ... J11: =IF(ISBLANK(English!J11),"",English!J11)
A12: =IF(ISBLANK(English!A12),"",English!A12) -> 2000 | B12: =IF(ISBLANK(English!B12),"",English!B12) -> 1068471 | C12: =IF(ISBLANK(English!C12),"",English!C12) -> 1019446 | D12: =IF(ISBLANK(English!D12),"",English!D12) -> 2087917 | E12: =IF(ISBLANK(English!E12),"",English!E12) -> 133895 | F12: =IF(ISBLANK(English!F12),"",English!F12) -> 109648 | G12: =IF(ISBLANK(English!G12),"",English!G12) -> 243543 | H12: =IF(ISBLANK(English!H12),"",English!H12) | ... J12: =IF(ISBLANK(English!J12),"",English!J12)
A13: =IF(ISBLANK(English!A13),"",English!A13) -> 2010 | B13: =IF(ISBLANK(English!B13),"",English!B13) -> 2053840 | C13: =IF(ISBLANK(English!C13),"",English!C13) -> 1572720 | D13: =IF(ISBLANK(English!D13),"",English!D13) -> 3626560 | E13: =IF(ISBLANK(English!E13),"",English!E13) -> 216354 | F13: =IF(ISBLANK(English!F13),"",English!F13) -> 115429 | G13: =IF(ISBLANK(English!G13),"",English!G13) -> 331783 | H13: =IF(ISBLANK(English!H13),"",English!H13) | ... J13: =IF(ISBLANK(English!J13),"",English!J13)
A15: =IF(ISBLANK(English!A15),"",English!A15) -> 2020 | B15: =IF(ISBLANK(English!B15),"",English!B15) -> 3256838 | C15: =IF(ISBLANK(English!C15),"",English!C15) -> 1813242 | D15: =IF(ISBLANK(English!D15),"",English!D15) -> 5070079 | E15: =IF(ISBLANK(English!E15),"",English!E15) -> 291218 | F15: =IF(ISBLANK(English!F15),"",English!F15) -> 116625 | G15: =IF(ISBLANK(English!G15),"",English!G15) -> 407844
A16: =IF(ISBLANK(English!A16),"",English!A16) -> 2021 | B16: =IF(ISBLANK(English!B16),"",English!B16) -> 3428199 | C16: =IF(ISBLANK(English!C16),"",English!C16) -> 1846966 | D16: =IF(ISBLANK(English!D16),"",English!D16) -> 5275163 | E16: =IF(ISBLANK(English!E16),"",English!E16) -> 326033 | F16: =IF(ISBLANK(English!F16),"",English!F16) -> 99370 | G16: =IF(ISBLANK(English!G16),"",English!G16) -> 425404
A17: =IF(ISBLANK(English!A17),"",English!A17) -> 2022 | B17: =IF(ISBLANK(English!B17),"",English!B17) -> 3578449 | C17: =IF(ISBLANK(English!C17),"",English!C17) -> 1943068 | D17: =IF(ISBLANK(English!D17),"",English!D17) -> 5521516 | E17: =IF(ISBLANK(English!E17),"",English!E17) -> 333390 | F17: =IF(ISBLANK(English!F17),"",English!F17) -> 85689 | G17: =IF(ISBLANK(English!G17),"",English!G17) -> 419080
A18: =IF(ISBLANK(English!A18),"",English!A18) -> 2023 | B18: =IF(ISBLANK(English!B18),"",English!B18) -> 3742175 | C18: =IF(ISBLANK(English!C18),"",English!C18) -> 2005130 | D18: =IF(ISBLANK(English!D18),"",English!D18) -> 5747305 | E18: =IF(ISBLANK(English!E18),"",English!E18) -> 346442 | F18: =IF(ISBLANK(English!F18),"",English!F18) -> 105215 | G18: =IF(ISBLANK(English!G18),"",English!G18) -> 451657
A19: =IF(ISBLANK(English!A19),"",English!A19) -> 2024 | B19: =IF(ISBLANK(English!B19),"",English!B19) -> 3915734 | C19: =IF(ISBLANK(English!C19),"",English!C19) -> 2056447 | D19: =IF(ISBLANK(English!D19),"",English!D19) -> 5972181 | E19: =IF(ISBLANK(English!E19),"",English!E19) -> 356312 | F19: =IF(ISBLANK(English!F19),"",English!F19) -> 112798 | G19: =IF(ISBLANK(English!G19),"",English!G19) -> 469110
A21: =IF(ISBLANK(English!A21),"",English!A21) -> 2025 | B21: =IF(ISBLANK(English!B21),"",English!B21) -> 4097071 | C21: =IF(ISBLANK(English!C21),"",English!C21) -> 2150751 | D21: =IF(ISBLANK(English!D21),"",English!D21) -> 6247822 | E21: =IF(ISBLANK(English!E21),"",English!E21) -> 382952 | F21: =IF(ISBLANK(English!F21),"",English!F21) -> 105936 | G21: =IF(ISBLANK(English!G21),"",English!G21) -> 488888 | H21: =IF(ISBLANK(English!H21),"",English!H21) | ... J21: =IF(ISBLANK(English!J21),"",English!J21)
A22: Les chiffres ci-dessus indiquent le capital assuré global en vigueur (à gauche) et le capital assuré souscrit (à droite). | H22: =IF(ISBLANK(English!H22),"",English!H22) | I22: =IF(ISBLANK(English!I22),"",English!I22) | J22: =IF(ISBLANK(English!J22),"",English!J22)
A23: =IF(ISBLANK(English!A23),"",English!A23) | H23: =IF(ISBLANK(English!H23),"",English!H23) | I23: =IF(ISBLANK(English!I23),"",English!I23) | J23: =IF(ISBLANK(English!J23),"",English!J23)
A24: =IF(ISBLANK(English!A24),"",English!A24) | B24: =IF(ISBLANK(English!B24),"",English!B24) | C24: =IF(ISBLANK(English!C24),"",English!C24) | D24: =IF(ISBLANK(English!D24),"",English!D24) | E24: =IF(ISBLANK(English!E24),"",English!E24) | F24: =IF(ISBLANK(English!F24),"",English!F24) | G24: =IF(ISBLANK(English!G24),"",English!G24) | H24: =IF(ISBLANK(English!H24),"",English!H24) | ... J24: =IF(ISBLANK(English!J24),"",English!J24)
A25: Total des prestations au Canada (en M$) | H25: =IF(ISBLANK(English!H25),"",English!H25) | I25: =IF(ISBLANK(English!I25),"",English!I25) | J25: =IF(ISBLANK(English!J25),"",English!J25)
A26: Année | B26: Vie | C26: =IF(ISBLANK(English!C26),"",English!C26) | D26: Rentes2 | E26: Maladie | F26: =IF(ISBLANK(English!F26),"",English!F26) | G26: =IF(ISBLANK(English!G26),"",English!G26) -> Total | H26: =IF(ISBLANK(English!H26),"",English!H26) | I26: =IF(ISBLANK(English!I26),"",English!I26) | J26: =IF(ISBLANK(English!J26),"",English!J26)
A27: =IF(ISBLANK(English!A27),"",English!A27) | B27: Décès | C27: Assurés1 | D27: =IF(ISBLANK(English!D27),"",English!D27) | E27: Régimes assurés | F27: Régimes non assurés3 | G27: =IF(ISBLANK(English!G27),"",English!G27) | H27: =IF(ISBLANK(English!H27),"",English!H27) | I27: =IF(ISBLANK(English!I27),"",English!I27) | J27: =IF(ISBLANK(English!J27),"",English!J27)
A29: =IF(ISBLANK(English!A29),"",English!A29) -> 1960 | B29: =IF(ISBLANK(English!B29),"",English!B29) -> 196 | C29: =IF(ISBLANK(English!C29),"",English!C29) -> 291 | D29: =IF(ISBLANK(English!D29),"",English!D29) -> 75 | E29: =IF(ISBLANK(English!E29),"",English!E29) -> 129 | F29: =IF(ISBLANK(English!F29),"",English!F29) -> 0 | G29: =IF(ISBLANK(English!G29),"",English!G29) -> 691 | H29: =IF(ISBLANK(English!H29),"",English!H29) | ... J29: =IF(ISBLANK(English!J29),"",English!J29)
A30: =IF(ISBLANK(English!A30),"",English!A30) -> 1970 | B30: =IF(ISBLANK(English!B30),"",English!B30) -> 453 | C30: =IF(ISBLANK(English!C30),"",English!C30) -> 604 | D30: =IF(ISBLANK(English!D30),"",English!D30) -> 260 | E30: =IF(ISBLANK(English!E30),"",English!E30) -> 296 | F30: =IF(ISBLANK(English!F30),"",English!F30) -> 0 | G30: =IF(ISBLANK(English!G30),"",English!G30) -> 1613 | H30: =IF(ISBLANK(English!H30),"",English!H30) | ... J30: =IF(ISBLANK(English!J30),"",English!J30)
A31: =IF(ISBLANK(English!A31),"",English!A31) -> 1980 | B31: =IF(ISBLANK(English!B31),"",English!B31) -> 1082 | C31: =IF(ISBLANK(English!C31),"",English!C31) -> 1338 | D31: =IF(ISBLANK(English!D31),"",English!D31) -> 1620 | E31: =IF(ISBLANK(English!E31),"",English!E31) -> 1589 | F31: =IF(ISBLANK(English!F31),"",English!F31) -> 46 | G31: =IF(ISBLANK(English!G31),"",English!G31) -> 5675 | H31: =IF(ISBLANK(English!H31),"",English!H31) | ... J31: =IF(ISBLANK(English!J31),"",English!J31)
A32: =IF(ISBLANK(English!A32),"",English!A32) -> 1990 | B32: =IF(ISBLANK(English!B32),"",English!B32) -> 2083 | C32: =IF(ISBLANK(English!C32),"",English!C32) -> 2488 | D32: =IF(ISBLANK(English!D32),"",English!D32) -> 9840 | E32: =IF(ISBLANK(English!E32),"",English!E32) -> 4341 | F32: =IF(ISBLANK(English!F32),"",English!F32) -> 1644 | G32: =IF(ISBLANK(English!G32),"",English!G32) -> 20396 | H32: =IF(ISBLANK(English!H32),"",English!H32) | ... J32: =IF(ISBLANK(English!J32),"",English!J32)
A33: =IF(ISBLANK(English!A33),"",English!A33) -> 2000 | B33: =IF(ISBLANK(English!B33),"",English!B33) -> 3564 | C33: =IF(ISBLANK(English!C33),"",English!C33) -> 3395 | D33: =IF(ISBLANK(English!D33),"",English!D33) -> 24214 | E33: =IF(ISBLANK(English!E33),"",English!E33) -> 9295 | F33: =IF(ISBLANK(English!F33),"",English!F33) -> 6172 | G33: =IF(ISBLANK(English!G33),"",English!G33) -> 46640 | H33: =IF(ISBLANK(English!H33),"",English!H33) | ... J33: =IF(ISBLANK(English!J33),"",English!J33)
A34: =IF(ISBLANK(English!A34),"",English!A34) -> 2010 | B34: =IF(ISBLANK(English!B34),"",English!B34) -> 5505 | C34: =IF(ISBLANK(English!C34),"",English!C34) -> 4369 | D34: =IF(ISBLANK(English!D34),"",English!D34) -> 32120 | E34: =IF(ISBLANK(English!E34),"",English!E34) -> 14442 | F34: =IF(ISBLANK(English!F34),"",English!F34) -> 11995 | G34: =IF(ISBLANK(English!G34),"",English!G34) -> 68431 | H34: =IF(ISBLANK(English!H34),"",English!H34) | ... J34: =IF(ISBLANK(English!J34),"",English!J34)
A36: =IF(ISBLANK(English!A36),"",English!A36) -> 2020 | B36: =IF(ISBLANK(English!B36),"",English!B36) -> 8349 | C36: =IF(ISBLANK(English!C36),"",English!C36) -> 5908 | D36: =IF(ISBLANK(English!D36),"",English!D36) -> 46223 | E36: =IF(ISBLANK(English!E36),"",English!E36) -> 20402 | F36: =IF(ISBLANK(English!F36),"",English!F36) -> 16226 | G36: =IF(ISBLANK(English!G36),"",English!G36) -> 97108
A37: =IF(ISBLANK(English!A37),"",English!A37) -> 2021 | B37: =IF(ISBLANK(English!B37),"",English!B37) -> 8827 | C37: =IF(ISBLANK(English!C37),"",English!C37) -> 5545 | D37: =IF(ISBLANK(English!D37),"",English!D37) -> 58089 | E37: =IF(ISBLANK(English!E37),"",English!E37) -> 22146 | F37: =IF(ISBLANK(English!F37),"",English!F37) -> 18640 | G37: =IF(ISBLANK(English!G37),"",English!G37) -> 113247
A38: =IF(ISBLANK(English!A38),"",English!A38) -> 2022 | B38: =IF(ISBLANK(English!B38),"",English!B38) -> 9444 | C38: =IF(ISBLANK(English!C38),"",English!C38) -> 6687 | D38: =IF(ISBLANK(English!D38),"",English!D38) -> 53651 | E38: =IF(ISBLANK(English!E38),"",English!E38) -> 23787 | F38: =IF(ISBLANK(English!F38),"",English!F38) -> 20132 | G38: =IF(ISBLANK(English!G38),"",English!G38) -> 113702
A39: =IF(ISBLANK(English!A39),"",English!A39) -> 2023 | B39: =IF(ISBLANK(English!B39),"",English!B39) -> 9224 | C39: =IF(ISBLANK(English!C39),"",English!C39) -> 8083 | D39: =IF(ISBLANK(English!D39),"",English!D39) -> 62696 | E39: =IF(ISBLANK(English!E39),"",English!E39) -> 25756 | F39: =IF(ISBLANK(English!F39),"",English!F39) -> 22428 | G39: =IF(ISBLANK(English!G39),"",English!G39) -> 128187
A40: =IF(ISBLANK(English!A40),"",English!A40) -> 2024r | B40: =IF(ISBLANK(English!B40),"",English!B40) -> 8921 | C40: =IF(ISBLANK(English!C40),"",English!C40) -> 9679 | D40: =IF(ISBLANK(English!D40),"",English!D40) -> 71401 | E40: =IF(ISBLANK(English!E40),"",English!E40) -> 27908 | F40: =IF(ISBLANK(English!F40),"",English!F40) -> 24656 | G40: =IF(ISBLANK(English!G40),"",English!G40) -> 142565
A42: =IF(ISBLANK(English!A42),"",English!A42) -> 2025 | B42: =IF(ISBLANK(English!B42),"",English!B42) -> 9596 | C42: =IF(ISBLANK(English!C42),"",English!C42) -> 8724 | D42: =IF(ISBLANK(English!D42),"",English!D42) -> 83804 | E42: =IF(ISBLANK(English!E42),"",English!E42) -> 28259 | F42: =IF(ISBLANK(English!F42),"",English!F42) -> 26467 | G42: =IF(ISBLANK(English!G42),"",English!G42) -> 156850 | H42: =IF(ISBLANK(English!H42),"",English!H42) | ... J42: =IF(ISBLANK(English!J42),"",English!J42)
A43: 1. Prestations versées du vivant de l'assuré : valeurs de rachat, indemnités d'invalidité, capitaux d'assurance mixte échue et participations | H43: =IF(ISBLANK(English!H43),"",English!H43) | I43: =IF(ISBLANK(English!I43),"",English!I43) | J43: =IF(ISBLANK(English!J43),"",English!J43)
A44: 2. Les rentes comprennent des sommes versées en cas de décès, de rachat et d'invalidité, ainsi que des prestations versées au titre de contrats à capital variable (adossés aux fonds distincts). | H44: =IF(ISBLANK(English!H44),"",English!H44) | I44: =IF(ISBLANK(English!I44),"",English!I44) | J44: =IF(ISBLANK(English!J44),"",English!J44)
A45: 3. Prestations versées au titre de régimes non assurés administrés par des fournisseurs d'assurances de personnes | H45: =IF(ISBLANK(English!H45),"",English!H45) | I45: =IF(ISBLANK(English!I45),"",English!I45) | J45: =IF(ISBLANK(English!J45),"",English!J45)
A46: r - prestations maladie révisées | C46: =IF(ISBLANK(English!C46),"",English!C46) | D46: =IF(ISBLANK(English!D46),"",English!D46) | E46: =IF(ISBLANK(English!E46),"",English!E46) | F46: =IF(ISBLANK(English!F46),"",English!F46) | G46: =IF(ISBLANK(English!G46),"",English!G46) | H46: =IF(ISBLANK(English!H46),"",English!H46) | I46: =IF(ISBLANK(English!I46),"",English!I46) | J46: =IF(ISBLANK(English!J46),"",English!J46)
A47: =IF(ISBLANK(English!A47),"",English!A47) | B47: =IF(ISBLANK(English!B47),"",English!B47) | C47: =IF(ISBLANK(English!C47),"",English!C47) | D47: =IF(ISBLANK(English!D47),"",English!D47) | E47: =IF(ISBLANK(English!E47),"",English!E47) | F47: =IF(ISBLANK(English!F47),"",English!F47) | G47: =IF(ISBLANK(English!G47),"",English!G47) | H47: =IF(ISBLANK(English!H47),"",English!H47) | ... J47: =IF(ISBLANK(English!J47),"",English!J47)
A48: Total des primes au Canada (en M$) | J48: =IF(ISBLANK(English!J48),"",English!J48)
A49: Année | B49: Vie | C49: =IF(ISBLANK(English!C49),"",English!C49) | D49: Rentes1 | E49: =IF(ISBLANK(English!E49),"",English!E49) | F49: Maladie | G49: =IF(ISBLANK(English!G49),"",English!G49) | H49: =IF(ISBLANK(English!H49),"",English!H49) | I49: =IF(ISBLANK(English!I49),"",English!I49) -> Total | J49: =IF(ISBLANK(English!J49),"",English!J49)
A50: =IF(ISBLANK(English!A50),"",English!A50) | B50: Individuelle | C50: Collective | D50: Individuelles | E50: Collectives | F50: Individuelle | G50: Collective (rég. assurés) | H50: Collective (rég. non assurés2) | I50: =IF(ISBLANK(English!I50),"",English!I50) | J50: =IF(ISBLANK(English!J50),"",English!J50)
A52: =IF(ISBLANK(English!A52),"",English!A52) -> 1960 | B52: =IF(ISBLANK(English!B52),"",English!B52) -> 660 | C52: =IF(ISBLANK(English!C52),"",English!C52) -> 109 | D52: =IF(ISBLANK(English!D52),"",English!D52) -> 33 | E52: =IF(ISBLANK(English!E52),"",English!E52) -> 151 | F52: =IF(ISBLANK(English!F52),"",English!F52) -> 40 | G52: =IF(ISBLANK(English!G52),"",English!G52) -> 151 | H52: =IF(ISBLANK(English!H52),"",English!H52) -> 0 | ... J52: =IF(ISBLANK(English!J52),"",English!J52)
A53: =IF(ISBLANK(English!A53),"",English!A53) -> 1970 | B53: =IF(ISBLANK(English!B53),"",English!B53) -> 1128 | C53: =IF(ISBLANK(English!C53),"",English!C53) -> 325 | D53: =IF(ISBLANK(English!D53),"",English!D53) -> 126 | E53: =IF(ISBLANK(English!E53),"",English!E53) -> 311 | F53: =IF(ISBLANK(English!F53),"",English!F53) -> 85 | G53: =IF(ISBLANK(English!G53),"",English!G53) -> 315 | H53: =IF(ISBLANK(English!H53),"",English!H53) -> 0 | ... J53: =IF(ISBLANK(English!J53),"",English!J53)
A54: =IF(ISBLANK(English!A54),"",English!A54) -> 1980 | B54: =IF(ISBLANK(English!B54),"",English!B54) -> 2318 | C54: =IF(ISBLANK(English!C54),"",English!C54) -> 952 | D54: =IF(ISBLANK(English!D54),"",English!D54) -> 1762 | E54: =IF(ISBLANK(English!E54),"",English!E54) -> 1465 | F54: =IF(ISBLANK(English!F54),"",English!F54) -> 221 | G54: =IF(ISBLANK(English!G54),"",English!G54) -> 1602 | H54: =IF(ISBLANK(English!H54),"",English!H54) -> 49 | ... J54: =IF(ISBLANK(English!J54),"",English!J54)
A55: =IF(ISBLANK(English!A55),"",English!A55) -> 1990 | B55: =IF(ISBLANK(English!B55),"",English!B55) -> 4840 | C55: =IF(ISBLANK(English!C55),"",English!C55) -> 1879 | D55: =IF(ISBLANK(English!D55),"",English!D55) -> 7299 | E55: =IF(ISBLANK(English!E55),"",English!E55) -> 4554 | F55: =IF(ISBLANK(English!F55),"",English!F55) -> 670 | G55: =IF(ISBLANK(English!G55),"",English!G55) -> 4338 | H55: =IF(ISBLANK(English!H55),"",English!H55) -> 1751 | ... J55: =IF(ISBLANK(English!J55),"",English!J55)
A56: =IF(ISBLANK(English!A56),"",English!A56) -> 2000 | B56: =IF(ISBLANK(English!B56),"",English!B56) -> 8737 | C56: =IF(ISBLANK(English!C56),"",English!C56) -> 2542 | D56: =IF(ISBLANK(English!D56),"",English!D56) -> 13297 | E56: =IF(ISBLANK(English!E56),"",English!E56) -> 10185 | F56: =IF(ISBLANK(English!F56),"",English!F56) -> 1638 | G56: =IF(ISBLANK(English!G56),"",English!G56) -> 9185 | H56: =IF(ISBLANK(English!H56),"",English!H56) -> 6496 | ... J56: =IF(ISBLANK(English!J56),"",English!J56)
A57: =IF(ISBLANK(English!A57),"",English!A57) -> 2010 | B57: =IF(ISBLANK(English!B57),"",English!B57) -> 11980 | C57: =IF(ISBLANK(English!C57),"",English!C57) -> 3707 | D57: =IF(ISBLANK(English!D57),"",English!D57) -> 17022 | E57: =IF(ISBLANK(English!E57),"",English!E57) -> 19504 | F57: =IF(ISBLANK(English!F57),"",English!F57) -> 3152 | G57: =IF(ISBLANK(English!G57),"",English!G57) -> 17255 | H57: =IF(ISBLANK(English!H57),"",English!H57) -> 12678 | ... J57: =IF(ISBLANK(English!J57),"",English!J57)
A59: =IF(ISBLANK(English!A59),"",English!A59) -> 2020 | B59: =IF(ISBLANK(English!B59),"",English!B59) -> 19682 | C59: =IF(ISBLANK(English!C59),"",English!C59) -> 4414 | D59: =IF(ISBLANK(English!D59),"",English!D59) -> 16107 | E59: =IF(ISBLANK(English!E59),"",English!E59) -> 35334 | F59: =IF(ISBLANK(English!F59),"",English!F59) -> 4597 | G59: =IF(ISBLANK(English!G59),"",English!G59) -> 25539 | H59: =IF(ISBLANK(English!H59),"",English!H59) -> 17145 | I59: =IF(ISBLANK(English!I59),"",English!I59) -> 122818
A60: =IF(ISBLANK(English!A60),"",English!A60) -> 2021 | B60: =IF(ISBLANK(English!B60),"",English!B60) -> 21155 | C60: =IF(ISBLANK(English!C60),"",English!C60) -> 4401 | D60: =IF(ISBLANK(English!D60),"",English!D60) -> 21119 | E60: =IF(ISBLANK(English!E60),"",English!E60) -> 40982 | F60: =IF(ISBLANK(English!F60),"",English!F60) -> 4883 | G60: =IF(ISBLANK(English!G60),"",English!G60) -> 26562 | H60: =IF(ISBLANK(English!H60),"",English!H60) -> 19685 | I60: =IF(ISBLANK(English!I60),"",English!I60) -> 138787
A61: =IF(ISBLANK(English!A61),"",English!A61) -> 2022 | B61: =IF(ISBLANK(English!B61),"",English!B61) -> 22257 | C61: =IF(ISBLANK(English!C61),"",English!C61) -> 4697 | D61: =IF(ISBLANK(English!D61),"",English!D61) -> 18667 | E61: =IF(ISBLANK(English!E61),"",English!E61) -> 43536 | F61: =IF(ISBLANK(English!F61),"",English!F61) -> 5224 | G61: =IF(ISBLANK(English!G61),"",English!G61) -> 29508 | H61: =IF(ISBLANK(English!H61),"",English!H61) -> 21209 | I61: =IF(ISBLANK(English!I61),"",English!I61) -> 145098
A62: =IF(ISBLANK(English!A62),"",English!A62) -> 2023 | B62: =IF(ISBLANK(English!B62),"",English!B62) -> 23897 | C62: =IF(ISBLANK(English!C62),"",English!C62) -> 4795 | D62: =IF(ISBLANK(English!D62),"",English!D62) -> 18975 | E62: =IF(ISBLANK(English!E62),"",English!E62) -> 42963 | F62: =IF(ISBLANK(English!F62),"",English!F62) -> 5547 | G62: =IF(ISBLANK(English!G62),"",English!G62) -> 31692 | H62: =IF(ISBLANK(English!H62),"",English!H62) -> 23572 | I62: =IF(ISBLANK(English!I62),"",English!I62) -> 151441
A63: =IF(ISBLANK(English!A63),"",English!A63) -> 2024r | B63: =IF(ISBLANK(English!B63),"",English!B63) -> 24609 | C63: =IF(ISBLANK(English!C63),"",English!C63) -> 5010 | D63: =IF(ISBLANK(English!D63),"",English!D63) -> 21811 | E63: =IF(ISBLANK(English!E63),"",English!E63) -> 51067 | F63: =IF(ISBLANK(English!F63),"",English!F63) -> 5717 | G63: =IF(ISBLANK(English!G63),"",English!G63) -> 33465 | H63: =IF(ISBLANK(English!H63),"",English!H63) -> 25985 | I63: =IF(ISBLANK(English!I63),"",English!I63) -> 167664
A65: =IF(ISBLANK(English!A65),"",English!A65) -> 2025 | B65: =IF(ISBLANK(English!B65),"",English!B65) -> 27488 | C65: =IF(ISBLANK(English!C65),"",English!C65) -> 5198 | D65: =IF(ISBLANK(English!D65),"",English!D65) -> 24259 | E65: =IF(ISBLANK(English!E65),"",English!E65) -> 56252 | F65: =IF(ISBLANK(English!F65),"",English!F65) -> 5808 | G65: =IF(ISBLANK(English!G65),"",English!G65) -> 35745 | H65: =IF(ISBLANK(English!H65),"",English!H65) -> 27852 | ... J65: =IF(ISBLANK(English!J65),"",English!J65)
A66: 1. Les chiffres comprennent les dépôts dans des fonds distincts.
A67: 2. Équivalents de primes (prestations plus frais administratifs) versés au titre de régimes non assurés administrés par des fournisseurs d'assurances de personnes
A68: r - primes d’assurance maladie révisées
A69: =IF(ISBLANK(English!A69),"",English!A69) | B69: =IF(ISBLANK(English!B69),"",English!B69) | C69: =IF(ISBLANK(English!C69),"",English!C69) | D69: =IF(ISBLANK(English!D69),"",English!D69) | E69: =IF(ISBLANK(English!E69),"",English!E69) | F69: =IF(ISBLANK(English!F69),"",English!F69) | G69: =IF(ISBLANK(English!G69),"",English!G69) | H69: =IF(ISBLANK(English!H69),"",English!H69) | ... J69: =IF(ISBLANK(English!J69),"",English!J69)
A70: Actif total au Canada (en M$)
A71: Année | B71: Obligations | C71: Actions1 | D71: Fonds communs de placement | E71: Prêts hypothécaires | F71: Biens immobiliers | G71: Trésorerie1 | H71: Actif de réassurance | I71: Autres actifs1 | J71: =IF(ISBLANK(English!J71),"",English!J71) -> Total
A73: =IF(ISBLANK(English!A73),"",English!A73) -> 1960 | B73: =IF(ISBLANK(English!B73),"",English!B73) -> 4064 | C73: =IF(ISBLANK(English!C73),"",English!C73) -> 257 | D73: =IF(ISBLANK(English!D73),"",English!D73) -> * | E73: =IF(ISBLANK(English!E73),"",English!E73) -> 3108 | F73: =IF(ISBLANK(English!F73),"",English!F73) -> 294 | G73: =IF(ISBLANK(English!G73),"",English!G73) -> 54 | H73: =IF(ISBLANK(English!H73),"",English!H73) -> * | ... J73: =IF(ISBLANK(English!J73),"",English!J73) -> 8356
A74: =IF(ISBLANK(English!A74),"",English!A74) -> 1970 | B74: =IF(ISBLANK(English!B74),"",English!B74) -> 5909 | C74: =IF(ISBLANK(English!C74),"",English!C74) -> 1108 | D74: =IF(ISBLANK(English!D74),"",English!D74) -> * | E74: =IF(ISBLANK(English!E74),"",English!E74) -> 6914 | F74: =IF(ISBLANK(English!F74),"",English!F74) -> 737 | G74: =IF(ISBLANK(English!G74),"",English!G74) -> 166 | H74: =IF(ISBLANK(English!H74),"",English!H74) -> * | ... J74: =IF(ISBLANK(English!J74),"",English!J74) -> 15990
A75: =IF(ISBLANK(English!A75),"",English!A75) -> 1980 | B75: =IF(ISBLANK(English!B75),"",English!B75) -> 17178 | C75: =IF(ISBLANK(English!C75),"",English!C75) -> 5814 | D75: =IF(ISBLANK(English!D75),"",English!D75) -> * | E75: =IF(ISBLANK(English!E75),"",English!E75) -> 16942 | F75: =IF(ISBLANK(English!F75),"",English!F75) -> 1862 | G75: =IF(ISBLANK(English!G75),"",English!G75) -> 804 | H75: =IF(ISBLANK(English!H75),"",English!H75) -> * | ... J75: =IF(ISBLANK(English!J75),"",English!J75) -> 46245
A76: =IF(ISBLANK(English!A76),"",English!A76) -> 1990 | B76: =IF(ISBLANK(English!B76),"",English!B76) -> 51247 | C76: =IF(ISBLANK(English!C76),"",English!C76) -> 14159 | D76: =IF(ISBLANK(English!D76),"",English!D76) -> * | E76: =IF(ISBLANK(English!E76),"",English!E76) -> 46873 | F76: =IF(ISBLANK(English!F76),"",English!F76) -> 6716 | G76: =IF(ISBLANK(English!G76),"",English!G76) -> 2231 | H76: =IF(ISBLANK(English!H76),"",English!H76) -> * | ... J76: =IF(ISBLANK(English!J76),"",English!J76) -> 130862
A77: =IF(ISBLANK(English!A77),"",English!A77) -> 2000 | B77: =IF(ISBLANK(English!B77),"",English!B77) -> 108593 | C77: =IF(ISBLANK(English!C77),"",English!C77) -> 42439 | D77: =IF(ISBLANK(English!D77),"",English!D77) -> 37444 | E77: =IF(ISBLANK(English!E77),"",English!E77) -> 41323 | F77: =IF(ISBLANK(English!F77),"",English!F77) -> 7686 | G77: =IF(ISBLANK(English!G77),"",English!G77) -> 16138 | H77: =IF(ISBLANK(English!H77),"",English!H77) -> 10333 | ... J77: =IF(ISBLANK(English!J77),"",English!J77) -> 281470
A78: =IF(ISBLANK(English!A78),"",English!A78) -> 2010 | B78: =IF(ISBLANK(English!B78),"",English!B78) -> 195186 | C78: =IF(ISBLANK(English!C78),"",English!C78) -> 91574 | D78: =IF(ISBLANK(English!D78),"",English!D78) -> 129048 | E78: =IF(ISBLANK(English!E78),"",English!E78) -> 42748 | F78: =IF(ISBLANK(English!F78),"",English!F78) -> 14727 | G78: =IF(ISBLANK(English!G78),"",English!G78) -> 16908 | H78: =IF(ISBLANK(English!H78),"",English!H78) -> 36166 | ... J78: =IF(ISBLANK(English!J78),"",English!J78) -> 556777
A80: =IF(ISBLANK(English!A80),"",English!A80) -> 2020 | B80: =IF(ISBLANK(English!B80),"",English!B80) -> 340788 | C80: =IF(ISBLANK(English!C80),"",English!C80) -> 140075.65 | D80: =IF(ISBLANK(English!D80),"",English!D80) -> 289826 | E80: =IF(ISBLANK(English!E80),"",English!E80) -> 48083 | F80: =IF(ISBLANK(English!F80),"",English!F80) -> 29682 | G80: =IF(ISBLANK(English!G80),"",English!G80) -> 24223 | H80: =IF(ISBLANK(English!H80),"",English!H80) -> 62041 | ... J80: =IF(ISBLANK(English!J80),"",English!J80) -> 1004524
A81: =IF(ISBLANK(English!A81),"",English!A81) -> 2021 | B81: =IF(ISBLANK(English!B81),"",English!B81) -> 338195 | C81: =IF(ISBLANK(English!C81),"",English!C81) -> 156046 | D81: =IF(ISBLANK(English!D81),"",English!D81) -> 334517 | E81: =IF(ISBLANK(English!E81),"",English!E81) -> 49771 | F81: =IF(ISBLANK(English!F81),"",English!F81) -> 32632 | G81: =IF(ISBLANK(English!G81),"",English!G81) -> 25645 | H81: =IF(ISBLANK(English!H81),"",English!H81) -> 63808 | ... J81: =IF(ISBLANK(English!J81),"",English!J81) -> 1074047
A82: =IF(ISBLANK(English!A82),"",English!A82) -> 2022 | B82: =IF(ISBLANK(English!B82),"",English!B82) -> 303761 | C82: =IF(ISBLANK(English!C82),"",English!C82) -> 143509.38 | D82: =IF(ISBLANK(English!D82),"",English!D82) -> 304563 | E82: =IF(ISBLANK(English!E82),"",English!E82) -> 51249 | F82: =IF(ISBLANK(English!F82),"",English!F82) -> 34006 | G82: =IF(ISBLANK(English!G82),"",English!G82) -> 24283 | H82: =IF(ISBLANK(English!H82),"",English!H82) -> 62738 | ... J82: =IF(ISBLANK(English!J82),"",English!J82) -> 1001272
A83: =IF(ISBLANK(English!A83),"",English!A83) -> 2023r | B83: =IF(ISBLANK(English!B83),"",English!B83) -> 321392 | C83: =IF(ISBLANK(English!C83),"",English!C83) -> 93670 | D83: =IF(ISBLANK(English!D83),"",English!D83) -> 343792 | E83: =IF(ISBLANK(English!E83),"",English!E83) -> 49329 | F83: =IF(ISBLANK(English!F83),"",English!F83) -> 32526 | G83: =IF(ISBLANK(English!G83),"",English!G83) -> 12893 | H83: =IF(ISBLANK(English!H83),"",English!H83) -> 67156 | ... J83: =IF(ISBLANK(English!J83),"",English!J83) -> 1068302
A84: =IF(ISBLANK(English!A84),"",English!A84) -> 2024r | B84: =IF(ISBLANK(English!B84),"",English!B84) -> 344492 | C84: =IF(ISBLANK(English!C84),"",English!C84) -> 102913 | D84: =IF(ISBLANK(English!D84),"",English!D84) -> 405075 | E84: =IF(ISBLANK(English!E84),"",English!E84) -> 49752 | F84: =IF(ISBLANK(English!F84),"",English!F84) -> 27080 | G84: =IF(ISBLANK(English!G84),"",English!G84) -> 10520 | H84: =IF(ISBLANK(English!H84),"",English!H84) -> 81018 | ... J84: =IF(ISBLANK(English!J84),"",English!J84) -> 1192939
A86: =IF(ISBLANK(English!A86),"",English!A86) -> 2025 | B86: =IF(ISBLANK(English!B86),"",English!B86) -> 354996 | C86: =IF(ISBLANK(English!C86),"",English!C86) -> 114728 | D86: =IF(ISBLANK(English!D86),"",English!D86) -> 459092 | E86: =IF(ISBLANK(English!E86),"",English!E86) -> 49766 | F86: =IF(ISBLANK(English!F86),"",English!F86) -> 26820 | G86: =IF(ISBLANK(English!G86),"",English!G86) -> 13682 | H86: =IF(ISBLANK(English!H86),"",English!H86) -> 82314 | ... J86: =IF(ISBLANK(English!J86),"",English!J86) -> 1276571
A87: 1 Les placements à court terme, précédemment comptabilisés sous Trésorerie, et les actions détenues par les filiales, précédemment comptabilisées sous Actions, sont inclus sous Autres actifs depuis 2023.
A88: Sont omis les actifs détenus au Canada pour le compte de titulaires de contrats étrangers.
A89: Les chiffres comprennent les actifs du fonds général et des fonds distincts. | B89: =IF(ISBLANK(English!B89),"",English!B89) | C89: =IF(ISBLANK(English!C89),"",English!C89) | D89: =IF(ISBLANK(English!D89),"",English!D89) | E89: =IF(ISBLANK(English!E89),"",English!E89) | F89: =IF(ISBLANK(English!F89),"",English!F89) | G89: =IF(ISBLANK(English!G89),"",English!G89) | H89: =IF(ISBLANK(English!H89),"",English!H89) | I89: =IF(ISBLANK(English!I89),"",English!I89) | J89: =IF(ISBLANK(English!J89),"",English!J89)
A90: Les avances sur contrats sont regroupées sous Autres actifs.
A91: * Chiffres non disponibles
A92: r - répartition des actifs révisée
A93: =IF(ISBLANK(English!A93),"",English!A93) | B93: =IF(ISBLANK(English!B93),"",English!B93) | C93: =IF(ISBLANK(English!C93),"",English!C93) | D93: =IF(ISBLANK(English!D93),"",English!D93) | E93: =IF(ISBLANK(English!E93),"",English!E93) | F93: =IF(ISBLANK(English!F93),"",English!F93) | G93: =IF(ISBLANK(English!G93),"",English!G93) | H93: =IF(ISBLANK(English!H93),"",English!H93) | ... J93: =IF(ISBLANK(English!J93),"",English!J93)
A94: Actif du fonds général au Canada (en M$) | J94: =IF(ISBLANK(English!J94),"",English!J94)
A95: Année | B95: Obligations | C95: Actions1 | D95: Prêts hypothécaires | E95: Biens immobiliers | F95: Trésorerie1 | G95: Actif de réassurance | H95: Autres actifs1 | I95: =IF(ISBLANK(English!I95),"",English!I95) -> Total | J95: =IF(ISBLANK(English!J95),"",English!J95)
A97: =IF(ISBLANK(English!A97),"",English!A97) -> 1960 | B97: =IF(ISBLANK(English!B97),"",English!B97) -> 4063 | C97: =IF(ISBLANK(English!C97),"",English!C97) -> 257 | D97: =IF(ISBLANK(English!D97),"",English!D97) -> 3108 | E97: =IF(ISBLANK(English!E97),"",English!E97) -> 294 | F97: =IF(ISBLANK(English!F97),"",English!F97) -> 54 | G97: =IF(ISBLANK(English!G97),"",English!G97) -> * | H97: =IF(ISBLANK(English!H97),"",English!H97) -> 578 | ... J97: =IF(ISBLANK(English!J97),"",English!J97)
A98: =IF(ISBLANK(English!A98),"",English!A98) -> 1970 | B98: =IF(ISBLANK(English!B98),"",English!B98) -> 5756 | C98: =IF(ISBLANK(English!C98),"",English!C98) -> 857 | D98: =IF(ISBLANK(English!D98),"",English!D98) -> 6805 | E98: =IF(ISBLANK(English!E98),"",English!E98) -> 737 | F98: =IF(ISBLANK(English!F98),"",English!F98) -> 151 | G98: =IF(ISBLANK(English!G98),"",English!G98) -> * | H98: =IF(ISBLANK(English!H98),"",English!H98) -> 1144 | ... J98: =IF(ISBLANK(English!J98),"",English!J98)
A99: =IF(ISBLANK(English!A99),"",English!A99) -> 1980 | B99: =IF(ISBLANK(English!B99),"",English!B99) -> 14869 | C99: =IF(ISBLANK(English!C99),"",English!C99) -> 2853 | D99: =IF(ISBLANK(English!D99),"",English!D99) -> 15768 | E99: =IF(ISBLANK(English!E99),"",English!E99) -> 1824 | F99: =IF(ISBLANK(English!F99),"",English!F99) -> 467 | G99: =IF(ISBLANK(English!G99),"",English!G99) -> * | H99: =IF(ISBLANK(English!H99),"",English!H99) -> 3500 | ... J99: =IF(ISBLANK(English!J99),"",English!J99)
A100: =IF(ISBLANK(English!A100),"",English!A100) -> 1990 | B100: =IF(ISBLANK(English!B100),"",English!B100) -> 44308 | C100: =IF(ISBLANK(English!C100),"",English!C100) -> 7898 | D100: =IF(ISBLANK(English!D100),"",English!D100) -> 45508 | E100: =IF(ISBLANK(English!E100),"",English!E100) -> 5357 | F100: =IF(ISBLANK(English!F100),"",English!F100) -> 1659 | G100: =IF(ISBLANK(English!G100),"",English!G100) -> * | H100: =IF(ISBLANK(English!H100),"",English!H100) -> 9128 | ... J100: =IF(ISBLANK(English!J100),"",English!J100)
A101: =IF(ISBLANK(English!A101),"",English!A101) -> 2000 | B101: =IF(ISBLANK(English!B101),"",English!B101) -> 95414 | C101: =IF(ISBLANK(English!C101),"",English!C101) -> 14738 | D101: =IF(ISBLANK(English!D101),"",English!D101) -> 39213 | E101: =IF(ISBLANK(English!E101),"",English!E101) -> 6067 | F101: =IF(ISBLANK(English!F101),"",English!F101) -> 9419 | G101: =IF(ISBLANK(English!G101),"",English!G101) -> 10333 | H101: =IF(ISBLANK(English!H101),"",English!H101) -> 16227 | ... J101: =IF(ISBLANK(English!J101),"",English!J101)
A102: =IF(ISBLANK(English!A102),"",English!A102) -> 2010 | B102: =IF(ISBLANK(English!B102),"",English!B102) -> 174647 | C102: =IF(ISBLANK(English!C102),"",English!C102) -> 59897 | D102: =IF(ISBLANK(English!D102),"",English!D102) -> 39534 | E102: =IF(ISBLANK(English!E102),"",English!E102) -> 9501 | F102: =IF(ISBLANK(English!F102),"",English!F102) -> 11143 | G102: =IF(ISBLANK(English!G102),"",English!G102) -> 36166 | H102: =IF(ISBLANK(English!H102),"",English!H102) -> 29459 | ... J102: =IF(ISBLANK(English!J102),"",English!J102)
A104: =IF(ISBLANK(English!A104),"",English!A104) -> 2020 | B104: =IF(ISBLANK(English!B104),"",English!B104) -> 308053 | C104: =IF(ISBLANK(English!C104),"",English!C104) -> 88695.653 | D104: =IF(ISBLANK(English!D104),"",English!D104) -> 44245 | E104: =IF(ISBLANK(English!E104),"",English!E104) -> 18790 | F104: =IF(ISBLANK(English!F104),"",English!F104) -> 17256 | G104: =IF(ISBLANK(English!G104),"",English!G104) -> 62041 | H104: =IF(ISBLANK(English!H104),"",English!H104) -> 67727.347 | I104: =IF(ISBLANK(English!I104),"",English!I104) -> 606808
A105: =IF(ISBLANK(English!A105),"",English!A105) -> 2021 | B105: =IF(ISBLANK(English!B105),"",English!B105) -> 306172 | C105: =IF(ISBLANK(English!C105),"",English!C105) -> 97617.079 | D105: =IF(ISBLANK(English!D105),"",English!D105) -> 46381 | E105: =IF(ISBLANK(English!E105),"",English!E105) -> 20847 | F105: =IF(ISBLANK(English!F105),"",English!F105) -> 18784 | G105: =IF(ISBLANK(English!G105),"",English!G105) -> 63808 | H105: =IF(ISBLANK(English!H105),"",English!H105) -> 70708.921 | I105: =IF(ISBLANK(English!I105),"",English!I105) -> 624318
A106: =IF(ISBLANK(English!A106),"",English!A106) -> 2022 | B106: =IF(ISBLANK(English!B106),"",English!B106) -> 276829 | C106: =IF(ISBLANK(English!C106),"",English!C106) -> 91320.383 | D106: =IF(ISBLANK(English!D106),"",English!D106) -> 47848 | E106: =IF(ISBLANK(English!E106),"",English!E106) -> 21676 | F106: =IF(ISBLANK(English!F106),"",English!F106) -> 17172 | G106: =IF(ISBLANK(English!G106),"",English!G106) -> 62738 | H106: =IF(ISBLANK(English!H106),"",English!H106) -> 75166.617 | I106: =IF(ISBLANK(English!I106),"",English!I106) -> 592750
A107: =IF(ISBLANK(English!A107),"",English!A107) -> 2023r | B107: =IF(ISBLANK(English!B107),"",English!B107) -> 293132 | C107: =IF(ISBLANK(English!C107),"",English!C107) -> 37688 | D107: =IF(ISBLANK(English!D107),"",English!D107) -> 46074 | E107: =IF(ISBLANK(English!E107),"",English!E107) -> 20946 | F107: =IF(ISBLANK(English!F107),"",English!F107) -> 11118 | G107: =IF(ISBLANK(English!G107),"",English!G107) -> 67156 | H107: =IF(ISBLANK(English!H107),"",English!H107) -> 145276 | I107: =IF(ISBLANK(English!I107),"",English!I107) -> 621390
A108: =IF(ISBLANK(English!A108),"",English!A108) -> 2024r | B108: =IF(ISBLANK(English!B108),"",English!B108) -> 314449 | C108: =IF(ISBLANK(English!C108),"",English!C108) -> 41073 | D108: =IF(ISBLANK(English!D108),"",English!D108) -> 46762 | E108: =IF(ISBLANK(English!E108),"",English!E108) -> 16282 | F108: =IF(ISBLANK(English!F108),"",English!F108) -> 8424 | G108: =IF(ISBLANK(English!G108),"",English!G108) -> 81018 | H108: =IF(ISBLANK(English!H108),"",English!H108) -> 168450 | I108: =IF(ISBLANK(English!I108),"",English!I108) -> 676458
A110: =IF(ISBLANK(English!A110),"",English!A110) -> 2025 | B110: =IF(ISBLANK(English!B110),"",English!B110) -> 324502 | C110: =IF(ISBLANK(English!C110),"",English!C110) -> 46761 | D110: =IF(ISBLANK(English!D110),"",English!D110) -> 46829 | E110: =IF(ISBLANK(English!E110),"",English!E110) -> 16532 | F110: =IF(ISBLANK(English!F110),"",English!F110) -> 10943 | G110: =IF(ISBLANK(English!G110),"",English!G110) -> 82314 | H110: =IF(ISBLANK(English!H110),"",English!H110) -> 170665 | ... J110: =IF(ISBLANK(English!J110),"",English!J110)
A111: 1 Les placements à court terme, précédemment comptabilisés sous Trésorerie, et les actions détenues par les filiales, précédemment comptabilisées sous Actions, sont inclus sous Autres actifs depuis 2023.
A112: * Chiffres non disponibles | J112: =IF(ISBLANK(English!J112),"",English!J112)
A113: r - répartition des actifs révisée | J113: =IF(ISBLANK(English!J113),"",English!J113)
A114: =IF(ISBLANK(English!A114),"",English!A114) | B114: =IF(ISBLANK(English!B114),"",English!B114) | C114: =IF(ISBLANK(English!C114),"",English!C114) | D114: =IF(ISBLANK(English!D114),"",English!D114) | E114: =IF(ISBLANK(English!E114),"",English!E114) | F114: =IF(ISBLANK(English!F114),"",English!F114) | G114: =IF(ISBLANK(English!G114),"",English!G114) | H114: =IF(ISBLANK(English!H114),"",English!H114) | ... J114: =IF(ISBLANK(English!J114),"",English!J114)
A115: Actif des fonds distincts au Canada (en M$) | J115: =IF(ISBLANK(English!J115),"",English!J115)
...
